PA
GALESBURG GUZZLERS @ WASHINGTON GENERALS
06/25/2034
 
TOP OF THE 1ST
Galesburg Guzzlers batting - Pitching for Washington Generals : RHP Esteban Martínez
Pitching: RHP Esteban Martínez
Batting: LHB Jorge Ortíz 0-0: SINGLE (Line Drive, 4D)
Batting: SHB Louie Vipont 0-0: Ball
1-0: Ground out 4-3 (Groundball, 4M)
Jorge Ortíz to second
Batting: RHB Ethan Brierley 0-0: SINGLE (Flyball, 9S)
Jorge Ortíz to third
Batting: LHB Brendon Lewis 0-0: Ball
1-0: Ball
2-0: Called Strike
2-1: Foul Ball, location: 2F
2-2: Strikes out swinging
Batting: RHB Jeremy Migliorati 0-0: Ball
1-0: Called Strike
Ethan Brierley steals 2nd base
1-1: Ball
2-1: Called Strike
2-2: Ground out 5-3 (Groundball, 56S)
Top of the 1st over - 0 runs, 2 hits, 0 errors, 2 left on base; Galesburg 0 - Washington 0
BOTTOM OF THE 1ST
Washington Generals batting - Pitching for Galesburg Guzzlers : LHP Andy Tidwell
Pitching: LHP Andy Tidwell
Batting: RHB Juan Echerearria 0-0: Ball
1-0: Called Strike
1-1: Called Strike
1-2: Ball
2-2: Strikes out swinging
Batting: RHB Charles Atkinson 0-0: Ground out 5-3 (Groundball, 56S)
Batting: RHB Fernando Acevedo 0-0: Ball
1-0: Swinging Strike
1-1: Ball
2-1: Ball
3-1: Base on Balls
Batting: RHB Ashton Bailey 0-0: Called Strike
0-1: Swinging Strike
0-2: Ball
1-2: SINGLE (Flyball, 9LS)
Fernando Acevedo to second
Runner from 2nd tries for 3rd, SAFE, no throw
Batting: LHB Silas Givens 0-0: Foul Ball, location: 2F
0-1: Foul Ball, location: 2F
0-2: Ball
1-2: Ball
2-2: Ball
3-2: Foul Ball, location: 2F
3-2: SINGLE (Flyball, 8LS)
Fernando Acevedo scores
Ashton Bailey to second
Ashton Bailey to third
Batting: RHB Wen-hua Zhào 0-0: Fly out, F7 (Line Drive, 7)
Bottom of the 1st over - 1 run, 2 hits, 0 errors, 2 left on base; Galesburg 0 - Washington 1
TOP OF THE 2ND
Galesburg Guzzlers batting - Pitching for Washington Generals : RHP Esteban Martínez
Batting: SHB Ron Wooten 0-0: SINGLE (Groundball, 4D)
Batting: RHB Clint Morgan 0-0: Ball
1-0: Called Strike
1-1: Ball
2-1: Ball
3-1: Called Strike
3-2: SINGLE (Line Drive, 4M)
Ron Wooten to second
Batting: RHB Manny Diéguez 0-0: Grounds into double play, 6-4-3 (Groundball, 56)
Ron Wooten to third
Batting: RHB Ramón Barbosa 0-0: Ball
1-0: Ball
2-0: Ball
3-0: Called Strike
3-1: Base on Balls
Batting: LHB Jorge Ortíz 0-0: Ball
1-0: Foul Ball, location: 2F
1-1: Ball
2-1: SINGLE (Groundball, 34D)
Ron Wooten scores
Ramón Barbosa to second
Runner from 2nd tries for 3rd, SAFE, throw made to third
Batting: SHB Louie Vipont 0-0: Foul Ball, location: 2F
0-1: Swinging Strike
0-2: Foul Ball, location: 2F
0-2: Ball
1-2: Ground out 4-3 (Groundball, 4)
Top of the 2nd over - 1 run, 3 hits, 0 errors, 2 left on base; Galesburg 1 - Washington 1
BOTTOM OF THE 2ND
Washington Generals batting - Pitching for Galesburg Guzzlers : LHP Andy Tidwell
Batting: RHB Abel Murphy 0-0: Called Strike
0-1: Ball
1-1: Ball
2-1: Foul Ball, location: 2F
2-2: Fly out, F7 (Flyball, 7LM)
Batting: RHB Raúl Ocasio 0-0: Ball
1-0: Foul Ball, location: 2F
1-1: Ball
2-1: Ball
3-1: Foul Ball, location: 2F
3-2: Strikes out swinging
Batting: LHB Mike O'Neil 0-0: Foul Ball, location: 2F
0-1: Foul Ball, location: 2F
0-2: Ball
1-2: Strikes out swinging
Bottom of the 2nd over - 0 runs, 0 hits, 0 errors, 0 left on base; Galesburg 1 - Washington 1
TOP OF THE 3RD
Galesburg Guzzlers batting - Pitching for Washington Generals : RHP Esteban Martínez
Batting: RHB Ethan Brierley 0-0: Called Strike
0-1: Called Strike
0-2: Ball
1-2: Ball
2-2: Ground out 6-3 (Groundball, 6)
Batting: LHB Brendon Lewis 0-0: Called Strike
0-1: Ball
1-1: Ball
2-1: Swinging Strike
2-2: Foul Ball, location: 2F
2-2: Ball
3-2: Base on Balls
Batting: RHB Jeremy Migliorati 0-0: Ball
1-0: Ball
2-0: Ball
3-0: Called Strike
3-1: Base on Balls
Brendon Lewis to second
Batting: SHB Ron Wooten 0-0: Ball
1-0: Ball
2-0: Foul Ball, location: 2F
2-1: Called Strike
2-2: Strikes out swinging
Batting: RHB Clint Morgan 0-0: Foul Ball, location: 2F
0-1: Ball
1-1: Fielders Choice at 2nd, 5-4 (Groundball, 5)
Top of the 3rd over - 0 runs, 0 hits, 0 errors, 2 left on base; Galesburg 1 - Washington 1
BOTTOM OF THE 3RD
Washington Generals batting - Pitching for Galesburg Guzzlers : LHP Andy Tidwell
Batting: RHB Juan Echerearria 0-0: Called Strike
0-1: Ball
1-1: Ball
2-1: Foul Ball, location: 2F
2-2: Ball
3-2: Base on Balls
Batting: RHB Charles Atkinson 0-0: Called Strike
0-1: Foul Ball, location: 2F
0-2: Fly out, F8 (Flyball, 8RS)
Batting: RHB Fernando Acevedo 0-0: Ball
1-0: Ball
2-0: Ball
3-0: Called Strike
3-1: Foul Ball, location: 2F
3-2: Base on Balls
Juan Echerearria to second
Batting: RHB Ashton Bailey 0-0: Ball
1-0: Called Strike
1-1: Foul Ball, location: 2F
1-2: Ball
2-2: Ball
3-2: Strikes out looking
Batting: LHB Silas Givens 0-0: SINGLE (Flyball, 9S)
Juan Echerearria to third
Fernando Acevedo to second
Runner from 3rd tries for Home, SAFE, no throw
Batting: RHB Wen-hua Zhào 0-0: Fly out, F1 (Line Drive, 13)
Bottom of the 3rd over - 1 run, 1 hit, 0 errors, 2 left on base; Galesburg 1 - Washington 2
TOP OF THE 4TH
Galesburg Guzzlers batting - Pitching for Washington Generals : RHP Esteban Martínez
Batting: RHB Manny Diéguez 0-0: Ball
1-0: Foul Ball, location: 2F
1-1: Called Strike
1-2: Strikes out looking
Batting: RHB Ramón Barbosa 0-0: Fly out, F8 (Flyball, 78M)
Batting: LHB Jorge Ortíz 0-0: Called Strike
0-1: Ball
1-1: Ball
2-1: Ball
3-1: Fly out, F9 (Flyball, 9)
Top of the 4th over - 0 runs, 0 hits, 0 errors, 0 left on base; Galesburg 1 - Washington 2
BOTTOM OF THE 4TH
Washington Generals batting - Pitching for Galesburg Guzzlers : LHP Andy Tidwell
Batting: RHB Abel Murphy 0-0: SINGLE (Groundball, 34D)
Batting: RHB Raúl Ocasio 0-0: Ball
1-0: Ball
2-0: Foul Ball, location: 2F
2-1: SINGLE (Line Drive, 56D)
Abel Murphy to second
Batting: LHB Mike O'Neil 0-0: Foul Ball, location: 2F
0-1: Called Strike
0-2: Strikes out swinging
Batting: RHB Juan Echerearria 0-0: Ball
1-0: Swinging Strike
1-1: Ball
2-1: Swinging Strike
2-2: Strikes out looking
Batting: RHB Charles Atkinson 0-0: Ball
1-0: Called Strike
1-1: Ball
2-1: Ball
3-1: Base on Balls
Abel Murphy to third
Raúl Ocasio to second
Batting: RHB Fernando Acevedo 0-0: Called Strike
0-1: Called Strike
0-2: Ball
1-2: Foul Ball, location: 2F
1-2: Foul Ball, location: 2F
1-2: Ball
2-2: Ball
Wild Pitch!
Abel Murphy scores
Raúl Ocasio to third
Charles Atkinson to second
3-2: Foul Ball, location: 2F
3-2: Foul Ball, location: 2F
3-2: Ground out 4-3 (Groundball, 4)
Bottom of the 4th over - 1 run, 2 hits, 0 errors, 2 left on base; Galesburg 1 - Washington 3
TOP OF THE 5TH
Galesburg Guzzlers batting - Pitching for Washington Generals : RHP Esteban Martínez
Batting: SHB Louie Vipont 0-0: Fly out, F9 (Flyball, 9LM)
Batting: RHB Ethan Brierley 0-0: Ball
1-0: Ball
2-0: Called Strike
2-1: Ball
3-1: SINGLE (Line Drive, 89S)
Batting: LHB Brendon Lewis 0-0: Called Strike
Ethan Brierley is caught stealing 2nd base
0-1: Swinging Strike
0-2: Ground out 1-3 (Groundball, 15S)
Top of the 5th over - 0 runs, 1 hit, 0 errors, 0 left on base; Galesburg 1 - Washington 3
BOTTOM OF THE 5TH
Washington Generals batting - Pitching for Galesburg Guzzlers : LHP Andy Tidwell
Batting: RHB Ashton Bailey 0-0: Called Strike
0-1: Foul Ball, location: 2F
0-2: SINGLE (Line Drive, 8LS)
Pitching: LHP Jian-gun Fei
Batting: LHB Silas Givens 0-0: Ball
1-0: Foul Ball, location: 2F
1-1: Called Strike
1-2: Strikes out looking
Batting: RHB Wen-hua Zhào 0-0: Ball
1-0: Called Strike
1-1: Called Strike
1-2: Ball
2-2: Foul Ball, location: 2F
2-2: Fly out, F3 (Popup, 23F)
Batting: RHB Abel Murphy 0-0: Called Strike
0-1: Ball
1-1: Ball
2-1: Ground out 4-3 (Groundball, 34)
Bottom of the 5th over - 0 runs, 1 hit, 0 errors, 1 left on base; Galesburg 1 - Washington 3
TOP OF THE 6TH
Galesburg Guzzlers batting - Pitching for Washington Generals : RHP Esteban Martínez
Batting: RHB Jeremy Migliorati 0-0: Ball
1-0: Reached on error, E6 (Groundball, 6)
Batting: SHB Ron Wooten 0-0: Called Strike
0-1: Ball
1-1: Fielders Choice at 2nd, 3-6 (Groundball, 3)
Batting: RHB Clint Morgan 0-0: Called Strike
0-1: Foul Ball, location: 2F
0-2: Ball
1-2: Strikes out swinging
Batting: RHB Manny Diéguez 0-0: Fly out, F7 (Flyball, 7LS)
Top of the 6th over - 0 runs, 0 hits, 1 error, 1 left on base; Galesburg 1 - Washington 3
BOTTOM OF THE 6TH
Washington Generals batting - Pitching for Galesburg Guzzlers : LHP Jian-gun Fei
Batting: RHB Raúl Ocasio 0-0: Called Strike
0-1: Foul Ball, location: 2F
0-2: Ball
1-2: Foul Ball, location: 2F
1-2: SOLO HOME RUN (Flyball, 7D), Distance : 403 ft
Batting: LHB Mike O'Neil 0-0: Called Strike
0-1: Foul Ball, location: 2F
0-2: Foul Ball, location: 2F
0-2: Ground out 4-3 (Groundball, 4)
Batting: RHB Juan Echerearria 0-0: Ball
1-0: Ball
2-0: Called Strike
2-1: Fly out, F7 (Flyball, 7S)
Batting: RHB Charles Atkinson 0-0: Swinging Strike
0-1: Ball
1-1: Foul Ball, location: 2F
1-2: Foul Ball, location: 2F
1-2: Ball
2-2: Ball
3-2: Foul Ball, location: 2F
3-2: Reached on error, E4 (Line Drive, 4)
Batting: RHB Fernando Acevedo 0-0: Ball
1-0: Ball
2-0: Ball
3-0: Called Strike
3-1: SINGLE (Line Drive, 6MD)
Charles Atkinson to second
Runner from 2nd tries for 3rd, SAFE, throw made to third
Batting: RHB Ashton Bailey 0-0: Called Strike
0-1: Ball
1-1: Ball
2-1: Called Strike
2-2: Strikes out swinging
Bottom of the 6th over - 1 run, 2 hits, 1 error, 2 left on base; Galesburg 1 - Washington 4
TOP OF THE 7TH
Galesburg Guzzlers batting - Pitching for Washington Generals : RHP Esteban Martínez
Batting: RHB Ramón Barbosa 0-0: Called Strike
0-1: Ball
1-1: Foul Ball, location: 2F
1-2: Ball
2-2: Foul Ball, location: 2F
2-2: Strikes out looking
Batting: LHB Jorge Ortíz 0-0: Fly out, F5 (Popup, 5SF)
Batting: SHB Louie Vipont 0-0: Foul Ball, location: 2F
0-1: Foul Ball, location: 2F
0-2: SINGLE (Groundball, 34D)
Batting: RHB Ethan Brierley 0-0: Called Strike
Louie Vipont is caught stealing 2nd base
Top of the 7th over - 0 runs, 1 hit, 0 errors, 0 left on base; Galesburg 1 - Washington 4
BOTTOM OF THE 7TH
Washington Generals batting - Pitching for Galesburg Guzzlers : LHP Jian-gun Fei
Batting: LHB Silas Givens 0-0: SINGLE (Groundball, 4D)
Batting: RHB Wen-hua Zhào 0-0: Called Strike
0-1: Ball
1-1: Swinging Strike
1-2: Foul Ball, location: 2F
1-2: Ball
2-2: Strikes out swinging
Batting: RHB Abel Murphy 0-0: Called Strike
0-1: Ball
1-1: Foul Ball, location: 2F
1-2: Strikes out swinging
Batting: RHB Raúl Ocasio 0-0: Ball
1-0: Ball
2-0: Called Strike
2-1: Foul Ball, location: 2F
2-2: Strikes out looking
Bottom of the 7th over - 0 runs, 1 hit, 0 errors, 1 left on base; Galesburg 1 - Washington 4
TOP OF THE 8TH
Galesburg Guzzlers batting - Pitching for Washington Generals : RHP Esteban Martínez
Batting: RHB Ethan Brierley 0-0: Ground out 6-3 (Groundball, 6)
Batting: LHB Brendon Lewis 0-0: Called Strike
0-1: SINGLE (Groundball, 34D)
Batting: RHB Jeremy Migliorati 0-0: Called Strike
0-1: Ball
1-1: Fly out, F9 (Flyball, 9S)
Batting: SHB Ron Wooten 0-0: Ball
1-0: SINGLE (Groundball, 6D)
Brendon Lewis to second
Batting: RHB Clint Morgan 0-0: Ball
1-0: Swinging Strike
1-1: Called Strike
1-2: Fly out, F8 (Flyball, 89M)
Top of the 8th over - 0 runs, 2 hits, 0 errors, 2 left on base; Galesburg 1 - Washington 4
BOTTOM OF THE 8TH
Washington Generals batting - Pitching for Galesburg Guzzlers : LHP Jian-gun Fei
Batting: LHB Mike O'Neil 0-0: Ball
1-0: Called Strike
1-1: Foul Ball, location: 2F
1-2: Ball
2-2: Ball
3-2: Strikes out swinging
Batting: RHB Juan Echerearria 0-0: Called Strike
0-1: Swinging Strike
0-2: Ball
1-2: Strikes out swinging
Batting: RHB Charles Atkinson 0-0: Foul Ball, location: 2F
0-1: Foul Ball, location: 2F
0-2: Ball
1-2: Strikes out looking
Bottom of the 8th over - 0 runs, 0 hits, 0 errors, 0 left on base; Galesburg 1 - Washington 4
TOP OF THE 9TH
Galesburg Guzzlers batting - Pitching for Washington Generals : RHP Esteban Martínez
Pitching: RHP Milton Mathews
Batting: RHB Manny Diéguez 0-0: Called Strike
0-1: Swinging Strike
0-2: Strikes out looking
Batting: RHB Ramón Barbosa 0-0: Called Strike
0-1: Called Strike
0-2: Strikes out swinging
Batting: LHB Jorge Ortíz 0-0: Ball
1-0: Swinging Strike
1-1: Ground out 5-3 (Groundball, 5)
Top of the 9th over - 0 runs, 0 hits, 0 errors, 0 left on base; Galesburg 1 - Washington 4
Friday, March 29th, 2019 - OOTP Baseball 18.8 Build 76